 Dungeon Crawl Stone Soup version 0.31.0-7-gf635a9b802 (webtiles) character file.

Game seed: 3319318391169869388

32 Fodor the Trooper (level 3, -1/33 HPs)
             Began as a Minotaur Fighter on Jan 23, 2024.
             Slain by Sigmund
             ... wielding a +0 scythe
              (9 damage)
             ... on level 2 of the Dungeon.
             The game lasted 00:11:54 (1229 turns).

Fodor the Trooper (Minotaur Fighter)                Turns: 1229, Time: 00:11:55

Health: -1/33      AC: 11    Str: 22    XL:     3   Next: 8%
Magic:  2/2        EV:  6    Int:  5    God:
Gold:   129        SH:  0    Dex:  9    Spells: 2/2 levels left

rFire   . . .        a - +0 war axe
rCold   . . .        c - +0 buckler
rNeg    . . .        k - +0 plate armour
rPois   .            (helmet restricted)
rElec   .            (no cloak)
rCorr   .            (no gloves)
SInv    .            (no boots)
Will    .....        (no amulet) Stlth
                     (no ring)
HPRegen 0.25/turn    (no ring)
MPRegen 0.08/turn

%: no passive effects
@: confused
A: horns 2, retaliatory headbutt
a: no special abilities


You were on level 2 of the Dungeon.
You visited 1 branch of the dungeon, and saw 2 of its levels.

You collected 129 gold pieces.

Inventory:

Hand Weapons
 a - a +0 war axe (weapon)
Missiles
 g - 4 boomerangs (quivered)
Armour
 c - a +0 buckler (worn)
 k - a +0 plate armour (worn)
Scrolls
 e - 2 scrolls of identify {unknown}
 h - 2 scrolls of teleportation {unknown}
Potions
 b - a potion of enlightenment {unknown}
 d - 2 potions of might
 f - a potion of brilliance {unknown}
 i - a potion of curing {unknown}
 j - 2 potions of degeneration {unknown}
 l - a potion of attraction {unknown}


   Skills:
 + Level 4.2 Fighting
 + Level 3.1 Axes
 + Level 4.1 Armour
 + Level 3.7 Shields


You had 2 spell levels left.
You didn't know any spells.
Your spell library contained the following spells:

 Spells                   Type           Power      Damage    Failure   Level
 Manifold Assault         Tloc           0%         N/A       100%        4
 Dispersal                Tloc           0%         N/A       100%        6
 Disjunction              Tloc           0%         N/A       100%        8


Dungeon Overview and Level Annotations

Branches:
Dungeon (2/15)

Altars:

Annotations:
D:2 Sigmund


Innate Abilities, Weirdness & Mutations

You have a pair of horns on your head.
You reflexively headbutt those who attack you in melee.


Message History

Sigmund casts a spell at you.
You are confused.
Sigmund flickers, as though insubstantial.
Sigmund completely misses you.
You bump into the rock wall.
You hit Sigmund.
Sigmund is lightly wounded.
Sigmund hits you but does no damage.
You barely miss Sigmund.
Sigmund is lightly wounded.
Sigmund hits you with a +0 scythe.
You bump into the rock wall.
Sigmund hits you with a +0 scythe.
You bump into the rock wall.
You feel less confused. Sigmund hits you but does no damage.
You hit Sigmund but do no damage.
Sigmund is lightly wounded.
Sigmund hits you with a +0 scythe!
You barely miss Sigmund. You headbutt Sigmund!
Sigmund is heavily wounded.
You closely miss Sigmund.
Sigmund is heavily wounded.
Sigmund points at you and mumbles some strange words.
You are confused.
Sigmund barely misses you. Sigmund casts a spell at you.
The magic dart hits you.
You bump into the rock wall.
Sigmund hits you with a +0 scythe!
Sigmund points at you and mumbles some strange words.
The puff of flame hits you.
* * * LOW HITPOINT WARNING * * *
You bump into the rock wall.
Sigmund gestures at you while chanting.
You are more confused.
Sigmund barely misses you.
You bump into the rock wall.
You bump into the rock wall.
Sigmund hits you from afar with a +0 scythe!
You die...
Sigmund begins carving another notch in his scythe.

#.# #.# #.#
#.# #.# #.#
#.### #.#
......#.####
#.......@.@#
#.#####.##.#
#.##.#
#.##.#
.....#
#.#### ..#
###


You could see Sigmund.

Vanquished Creatures
  3 bats
  3 endoplasms
  A giant cockroach (D:2)
  4 goblins (D:1)
  A hobgoblin (D:1)
  6 kobolds
  4 ball pythons
  A frilled lizard (D:1)
  6 rats
29 creatures vanquished.

Notes
Turn   | Place    | Note
-------+----------+-------------------------------------------
     0 | D:1      | Fodor the Minotaur Fighter began the quest for the Orb.
     0 | D:1      | Reached XP level 1. HP: 19/19 MP: 0/0
   316 | D:1      | Reached XP level 2. HP: 27/27 MP: 1/1
  1115 | D:2      | Reached XP level 3. HP: 23/33 MP: 2/2
  1203 | D:2      | Noticed Sigmund
  1229 | D:2      | Slain by Sigmund

Illustrated notes

Levels and vault maps discovered:
D:1:      matt_arrival_spirals, layout_loops_ring, minmay_pentomino_o4
D:2:      layout_basic, uniq_natasha, uniq_sigmund

Skill      XL: |  1  2 |
---------------+-------+-----
Fighting       | 4 |  4.2
Armour         | 4 |  4.1
Axes           | 3 |  3.1
Shields        | |  3.7

Action                     || total
---------------------------++-------
  Melee: War axe           ||    65
         Headbutt          ||     7
 Armour: Scale mail        ||    24
         Plate armour      ||    26
  Dodge: Dodged            ||    35
  Block: Buckler           ||    10
